 Dungeon Crawl Stone Soup version 0.18-a0-1521-g59d19af (webtiles) character file.

551 mrath the Cudgeler (level 7, -14/54 HPs)
             Began as a Demonspawn Abyssal Knight on Mar 7, 2016.
             Was a Priest of Lugonu.
             Demolished by an ogre
             ... wielding a +0 giant club
              (15 damage)
             ... on level 5 of the Dungeon.
             The game lasted 00:24:36 (4720 turns).

mrath the Cudgeler (Demonspawn Abyssal Knight)      Turns: 4720, Time: 00:24:36

Health: -14/54     AC: 12    Str: 14    XL:     7   Next: 7%
Magic:  10/10      EV:  9    Int: 14    God:    Lugonu [***...]
Gold:   259        SH:  0    Dex: 12    Spells: 0 memorised, 6 levels left

rFire  . . .     SeeInvis .     a - +1 mace
rCold  . . .     Gourm    .     f - +0 scale mail
rNeg   . . .     Faith    .     (no shield)
rPois  .         Spirit   .     t - +0 helmet (curse)
rElec  .         Dismiss  .     g - +0 cloak
rCorr  .         Reflect  .     (no gloves)
SustAt .         Harm     .     r - +2 pair of boots
MR     .....                    (no amulet)
Stlth  ..........               (no ring)
                                (no ring)

@: not resistant to hostile enchantments, extremely unstealthy
A: hooves 1, powered by death 2
a: Depart the Abyss, Bend Space, Banish, Renounce Religion


You were on level 5 of the Dungeon.
You worshipped Lugonu.
Lugonu was most pleased with you.
You were not hungry.

You visited 2 branches of the dungeon, and saw 6 of its levels.
You visited the Abyss 1 time.

You collected 259 gold pieces.

Inventory:

Hand Weapons
 a - a +1 mace (weapon)
 s - a +0 hunting sling
Missiles
 j - 106 stones (quivered)
 l - a throwing net
Armour
 f - a +0 scale mail (worn)
 g - a +0 cloak (worn)
 r - a +2 pair of boots (worn)
 t - a cursed +0 helmet (worn)
 w - a +0 chain mail
Magical Staves
 y - an uncursed staff of power {unknown}
Wands
 v - a wand of heal wounds (2/9)
Scrolls
 d - a scroll of enchant armour {unknown}
 e - 4 scrolls of teleportation
 h - 4 scrolls of identify
 i - a scroll of immolation {unknown}
 k - a scroll of enchant weapon {unknown}
 n - 2 scrolls of random uselessness {unknown}
 p - 2 scrolls of remove curse {unknown}
 u - a scroll of fog {unknown}
Potions
 b - a potion of ambrosia {unknown}
 q - 2 potions of brilliance {unknown}
 x - a potion of haste {unknown}
 z - a potion of cancellation {unknown}
 A - 2 potions of invisibility {unknown}
Comestibles
 c - 2 bread rations
 o - 3 meat rations


   Skills:
 + Level 4.0 Fighting
 + Level 5.3 Maces & Flails
 + Level 3.0 Armour
 + Level 2.0 Dodging
 + Level 4.1 Invocations


You had 6 spell levels left.
You didn't know any spells.

Dungeon Overview and Level Annotations

Branches:
Dungeon (5/15)             Temple (1/1) D:4

Altars:
Elyvilon
Fedhas
Gozag
Pakellas
Xom
Zin


Innate Abilities, Weirdness & Mutations

You have large cloven feet.
You regenerate health from kills.


Message History

The ogre is heavily wounded.
The giant newt barely misses you. The ogre hits you with a giant club!
* * * LOW HITPOINT WARNING * * *
You hit the ogre.
The ogre is severely wounded.
The giant newt bites you but does no damage.
The ogre hits you with a giant club!
* * * LOW HITPOINT WARNING * * *
The giant newt bites you but does no damage.
You barely miss the ogre.
The ogre is severely wounded.
The giant newt bites you but does no damage.
The ogre completely misses you.
You hit the ogre.
The ogre is severely wounded.
The giant newt bites you but does no damage.
Your scale mail prevents you from hitting the ogre.
The ogre is severely wounded.
The ogre hits you with a giant club!
You die...

##...... #.....##
#...#... ##...#.##
#.......# ####.#...
#.####### #.....
#(..(.l.### #.###.#..[
#(O@..# #.........
#......##.##########....
#.#.#.###....#.........#
.. #........#........##
# #######..#........##
########...<.....#>..
#........##.#.##.####
#........##.#.##.#
#........#..#.##.#


You could see an ogre and a giant newt.

Vanquished Creatures
  4 orc wizards
  Ijyb (D:3)
  A giant frog skeleton (D:4)
  An iguana (D:3)
  Natasha (twice) (D:3)
  2 worker ants (D:5)
  A hound skeleton (D:4)
  A worker ant zombie (D:5)
  6 gnolls
  9 adders
  An adder zombie (D:5)
  2 worms
  3 dart slugs
  3 giant geckos
  8 orcs
  9 bats
  3 giant cockroaches
  9 goblins (D:2)
  9 hobgoblins
  5 jackals
  6 kobolds
  2 giant gecko skeletons (D:4)
  4 giant newts
  A jackal skeleton (D:4)
  3 rats
96 creatures vanquished.

Vanquished Creatures (others)
  An orc wizard (D:4)
  2 jackals (D:4)
3 creatures vanquished.

Grand Total: 99 creatures vanquished

Notes
Turn   | Place    | Note
--------------------------------------------------------------
     0 | Abyss:1  | mrath the Demonspawn Abyssal Knight began the quest for the Orb.
     0 | Abyss:1  | Reached XP level 1. HP: 18/18 MP: 2/2
     0 | D:1      | Escaped the Abyss
    81 | D:1      | Reached skill level 2 in Maces & Flails
   518 | D:1      | Gained mutation: You regenerate a little health from kills. [demonic ancestry]
   518 | D:1      | Reached XP level 2. HP: 18/24 MP: 3/3
  1044 | D:2      | Reached skill level 3 in Maces & Flails
  1119 | D:2      | Gained mutation: You have large cloven feet. [demonic ancestry]
  1119 | D:2      | Reached XP level 3. HP: 26/29 MP: 4/4
  1130 | D:2      | Reached * piety under Lugonu
  1578 | D:2      | Reached XP level 4. HP: 33/35 MP: 5/5
  1584 | D:2      | Reached skill level 4 in Maces & Flails
  1818 | D:2      | Found an opulent altar of Gozag.
  2208 | D:3      | Reached ** piety under Lugonu
  2333 | D:3      | Reached XP level 5. HP: 41/41 MP: 6/6
  2569 | D:3      | Reached skill level 1 in Dodging
  2842 | D:3      | Noticed Ijyb
  2861 | D:3      | Killed Ijyb
  2884 | D:3      | Noticed Natasha
  2902 | D:3      | Killed Natasha
  2929 | D:3      | Reached skill level 5 in Maces & Flails
  2929 | D:3      | Reached XP level 6. HP: 37/47 MP: 8/8
  2970 | D:3      | Found a faded altar to an unknown god.
  3014 | D:3      | Noticed Natasha
  3019 | D:3      | Killed Natasha
  3284 | D:4      | Reached *** piety under Lugonu
  3347 | D:4      | Found a staircase to the Ecumenical Temple.
  3381 | Temple   | Entered the Ecumenical Temple
  3518 | D:4      | Found a shimmering altar of Xom.
  4085 | D:4      | Found an oddly glowing altar of Pakellas.
  4106 | D:4      | Found a white marble altar of Elyvilon.
  4390 | D:5      | Entered Level 5 of the Dungeon
  4458 | D:5      | Gained mutation: You regenerate health from kills. [demonic ancestry]
  4458 | D:5      | Reached XP level 7. HP: 53/53 MP: 10/10
  4717 | D:5      | HP: 1/54 [ogre/giant club (7)]
  4720 | D:5      | Demolished by an ogre

Vault maps used:
D:1:      roderic_chinese_lattice_arrival
D:2:      nicolae_overflow_crystal_walls, first_bread
D:3:      ecumenical_altar_1, uniq_iyjb, uniq_natasha
D:4:      kennysheep_mini, grunt_pakellas_sulfur,
          minmay_temple_entry_large_hall, minmay_misc_feat_rows, st_stairs_8,
          xom_confusion_cloud
D:5:      kennysheep_vampire_church
Temple:   chambers_temple_12

Skill      XL: |  1  2  3  4  5  6  7 |
---------------+----------------------+-----
Maces & Flails | 2 3 4 5 |  5.3
Armour         | 2 3 |  3.0
Dodging        | 1 2 |  2.0
Invocations    | 3 4 |  4.1
Fighting       | 4 |  4.0

Action                   |  1- 3 |  4- 6 |  7- 9 || total
-------------------------+-------+-------+-------++-------
Melee: Mace              |   110 |   285 |    30 ||   425
 Fire: Hunting sling     |       |       |     3 ||     3
Invok: Depart the Abyss  |     1 |       |       ||     1
  Use: Scroll            |       |     3 |       ||     3
  Eat: Chunk             |     2 |     8 |       ||    10
       Bread ration      |       |     1 |       ||     1
